 Dungeon Crawl Stone Soup version 0.26-a0-651-gb41185065b (webtiles) character file.

Game seed: 7036154863461428754

110156 lorenzova the Eclecticist (level 16, -11/76 HPs)
             Began as a Deep Elf Conjurer on Oct 8, 2020.
             Was a High Priest of Vehumet.
             Killed from afar by a Brimstone Fiend (26 damage)
             ... with damnation
             ... created by a Zot trap
             ... while petrified
             ... on level 1 of the Swamp.
             The game lasted 01:47:32 (33726 turns).

lorenzova the Eclecticist (Deep Elf Conjurer)      Turns: 33726, Time: 01:47:33

Health: -11/76     AC:  9    Str:  4    XL:     16   Next: 6%
Magic:  33/41      EV:  2    Int: 29    God:    Vehumet [*****.]
Gold:   2016       SH:  0    Dex: 16    Spells: 3/53 levels left

rFire    + + +     SeeInvis .   u - staff of conjuration
rCold    . . .     Faith    .   (no shield)
rNeg     + + +     Spirit   .   Z - +1 leather armour of Rauseoq {Harm rElec MR- Regen+ Dex+3}
rPois    ∞         Reflect  .   D - +1 hat {MR+}
rElec    +         Harm     +   Y - +2 cloak {rCorr}
rCorr    +         Rampage  .   (no gloves)
MR       +....                  x - +0 pair of boots {run}
Stlth    +.........             (no amulet)
HPRegen  0.62/turn              G - ring of Freedom {+Fly rF++}
MPRegen  0.27/turn              n - ring "Temme" {rPois rF+ Int-2 Stlth-}

@: petrified, quick
A: no striking features
a: Renounce Religion, Evoke Flight


You were on level 1 of the Swamp.
You worshipped Vehumet.
Vehumet was extremely pleased with you.
You visited 5 branches of the dungeon, and saw 22 of its levels.
You also visited: Ossuary and Bailey.

You collected 2586 gold pieces.
You spent 570 gold pieces at shops.

Inventory:

Hand Weapons
 d - a +2 dagger of freezing
Armour
 t - a scarf of invisibility
 x - a +0 pair of boots of running (worn)
 D - a +1 hat of magic resistance (worn)
 K - a +0 robe of magic resistance
 M - +0 acid dragon scales
 Y - a +2 cloak of preservation (worn)
 Z - the +1 leather armour of Rauseoq (worn) {Harm rElec MR- Regen+ Dex+3}
   (You found it on level 5 of the Lair of Beasts)

   It affects your dexterity (+3).
   It insulates you from electricity.
   It affects your resistance to hostile enchantments.
   It increases your rate of regeneration.
   It increases damage dealt and taken.
Magical Staves
 g - an uncursed staff of cold
 u - an uncursed staff of conjuration (weapon)
 F - an uncursed staff of death {unknown}
Jewellery
 n - the ring "Temme" (right hand) {rPois rF+ Int-2 Stlth-}
   (You bought it in a shop on level 2 of the Orcish Mines)

   [ring of attention]

   It affects your intelligence (-2).
   It protects you from fire.
   It protects you from poison.
   It makes you less stealthy.
 r - an uncursed ring of positive energy {unknown}
 G - the ring of Freedom (left hand) {+Fly rF++}
   (You took it off an orc warrior on level 1 of the Orcish Mines)

   [ring of flight]

   It greatly protects you from fire.
   It lets you fly.
 I - an uncursed ring of flight
 J - an uncursed ring of see invisible
 Q - an uncursed ring of ice
 S - an uncursed ring of protection from magic
 T - an uncursed ring of protection from magic
Wands
 j - a wand of acid (14)
 N - a wand of disintegration (25)
 O - a wand of digging (4)
Scrolls
 a - 3 scrolls of identify
 b - 4 scrolls of fog
 e - 7 scrolls of fear
 h - 10 scrolls of remove curse
 i - 4 scrolls of enchant weapon
 l - 9 scrolls of teleportation
 m - 4 scrolls of amnesia
 o - a scroll of blinking
 q - a scroll of summoning
 y - 4 scrolls of magic mapping
 P - a scroll of enchant armour
Potions
 c - 5 potions of lignification
 f - 4 potions of mutation
 k - a potion of heal wounds
 p - 6 potions of curing
 s - 3 potions of might
 v - 2 potions of haste
 w - 3 potions of brilliance
 z - a potion of ambrosia
 A - 5 potions of stabbing
 B - a potion of cancellation
 C - 2 potions of magic
 E - 4 potions of invisibility
 L - a potion of experience
 X - 2 potions of resistance


   Skills:
 - Level 2.4 Dodging
 - Level 2.4 Stealth
 * Level 19.1 Spellcasting
 * Level 16.9 Conjurations
 - Level 9.0 Hexes
 + Level 7.3 Summonings
 - Level 6.0 Translocations
 * Level 11.8 Fire Magic
 + Level 4.9 Air Magic
 - Level 6.0 Earth Magic


You had 3 spell levels left.
You knew the following spells:

 Your Spells              Type           Power        Failure   Level
a - Magic Dart            Conj           ####         0%          1
c - Iskenderun's Mystic   Conj/Tloc      #######.     1%          4
d - Fulminant Prism       Conj/Hex       ########..   1%          4
e - Searing Ray           Conj           ######       0%          2
f - Bolt of Magma         Conj/Fire/Erth #######...   1%          5
g - Starburst             Conj/Fire      ########..   1%          6
i - Spellforged Servitor  Conj/Summ      #######...   4%          7
l - Lightning Bolt        Conj/Air       #######...   1%          5
o - Orb of Destruction    Conj           ########..   1%          7
p - Blink                 Tloc           N/A          1%          2
s - Sticky Flame          Conj/Fire      ########     1%          4
x - Conjure Flame         Conj/Fire      ########     0%          3

Your spell library contained the following spells:

 Spells                   Type           Power        Failure   Level
 Corona                   Hex            ######.      1%          1
 Ensorcelled Hibernation  Hex/Ice        ######       1%          2
 Poisonous Vapours        Pois/Air       #####.       1%          2
 Confusing Touch          Hex            ######..     1%          3
 Dazzling Flash           Conj/Hex       ######       1%          3
 Gell's Gravitas          Tloc           ######....   1%          3
 Lesser Beckoning         Tloc           ######....   1%          3
 Mephitic Cloud           Conj/Pois/Air  #######.     1%          3
 Teleport Other           Tloc           ######..     1%          3
 Tukima's Dance           Hex            ######..     1%          3
 Animate Skeleton         Necr           ####..       2%          1
 Pain                     Necr           ####         2%          1
 Vampiric Draining        Necr           ####......   8%          3
 Leda's Liquefaction      Hex/Erth       ######....   1%          4
 Iskenderun's Battlesphe  Conj           ########     1%          5
 Passage of Golubria      Tloc           N/A          2%          4
 Yara's Violent Unravell  Hex/Tmut       ######....   3%          5
 Silence                  Hex/Air        ######....   4%          5
 Freezing Cloud           Conj/Ice/Air   #######...   5%          6
 Petrify                  Tmut/Erth      #####...     8%          4
 Metabolic Englaciation   Hex/Ice        ######....   12%         5
 Animate Dead             Necr           ####......   26%         4
 Agony                    Necr           ####....     58%         5
 Ozocubu's Refrigeration  Ice            ####......   67%         6
 Tornado                  Air            ######....   100%        9


Dungeon Overview and Level Annotations

Branches:
Dungeon (11/15)            Temple (1/1) D:6            Lair (6/6) D:8
  Swamp (2/4) Lair:4        Snake (0/4) Lair:3        Slime (0/5) Lair:6
    Orc (2/2) D:10            Elf (0/3) Orc:2       Ossuary (visited)
 Bailey (visited)

Altars:
Ashenzari
Cheibriados
Dithmenos
Elyvilon
Fedhas
Gozag
Hepliaklqana
Kikubaaqudgha
Makhleb
Nemelex Xobeh
Okawaru
Qazlal
Ru
Sif Muna
Trog
Uskayaw
Vehumet
Wu Jian
Xom
Yredelemnul
Zin
The Shining One
Beogh
Jiyva

Shops:
Orc:2 [*=(

Annotations:
Lair:5 , 1 runed translucent door, Bodu's ghost, journeyman NaFi
Swamp:1 1 transporter


Message History

The orb of destruction hits the briar patch!!!
The briar patch is blown up!
The Brimstone Fiend moves out of view.
Your limbs are stiffening.
You have turned to stone.
The Brimstone Fiend gestures at you.
The sphere of damnation explodes!
The damnation engulfs your spellforged servitor!!!
Your spellforged servitor conjures a glowing orb.
Your spellforged servitor hums quietly as it recharges.
The Brimstone Fiend gestures at you.
The sphere of damnation explodes!
The damnation engulfs your spellforged servitor!!!
The Brimstone Fiend gestures at you.
The sphere of damnation explodes!
The damnation engulfs your spellforged servitor!!!
Your spellforged servitor is destroyed!
The orb of destruction hits the Brimstone Fiend!!!
The Brimstone Fiend gestures at you.
The sphere of damnation explodes!
The damnation engulfs you!!!
You die...

..≈≈≈≈.≈♣≈.#w§.§P≈##..≈≈.≈♣≈..≈≈.
♣≈≈≈≈≈≈.≈♣.###○^.≈.#..≈.....≈≈..♣
♣..≈≈≈≈≈...#.≈.^.≈##...≈....(≈..♣
.≈≈≈≈≈≈≈.§.##§.^.≈♣#.≈....≈.≈.≈.♣
.≈≈≈≈§..≈♣.#♣≈§§1###...≈.......♣♣
♣.≈≈..♣♣♣♣.##§.^.≈.#.≈..≈.§..≈♣♣
..§...≈♣♣≈.#♣≈.§.≈##..≈....≈≈≈.♣♣
.≈≈≈.....≈.###☼^.≈♣#.≈.≈≈.≈.≈...♣
≈≈≈≈.≈..≈..#†§.^@≈##.≈..≈≈≈..♣.≈♣
≈♣≈≈≈.♣♣≈≈.##§.^.≈♣#......≈.♣♣..≈
≈≈≈≈....≈≈.#♣≈.^.≈##..≈....≈♣♣♣.♣
≈≈≈≈..≈≈≈≈.##≈.^.≈##.§...♣.♣♣♣≈♣♣
......≈≈≈≈..##.©.##.....≈♣♣♣♣§..♣
.♣♣..≈.≈.....#####....≈.≈.♣♣♣..≈.
≈♣..≈§..♣≈≈≈...©...♣.......≈...≈.
♣♣≈≈≈≈≈.≈♣≈≈♣≈≈.≈.♣♣♣≈.≈≈....≈≈≈≈
..≈≈≈≈≈..≈♣≈♣♣..≈♣♣ ♣♣:≈....♣♣♣≈♣


You could see a Brimstone Fiend.

Vanquished Creatures
  Rupert (Lair:4)
  A thorn hunter (Swamp:1)
  Gastronok (Orc:1)
  Kirke (Swamp:1)
  Donald (Swamp:1)
  4 orc warlords
  Snorg (Lair:5)
  7 hydras
  2 alligators (Swamp:1)
  3 catoblepae (Lair:6)
  Erica (Lair:1)
  2 shambling mangroves (Swamp:1)
  A two-headed ogre (D:11)
  15 death yaks (Lair:6)
  A spriggan (Swamp:1)
  An orc high priest (Orc:2)
  A swamp dragon (Swamp:2)
  Pikel (D:8)
  7 orc knights
  7 orc sorcerers
  An oklob plant (Lair:2)
  2 manticores (Lair:6)
  A cyclops (D:11)
  7 black mambas
  14 cane toads
  4 komodo dragons
  A rime drake (Lair:2)
  6 trolls
  A tyrant leech (Swamp:1)
  A hornet (Swamp:1)
  2 polar bears
  Prince Ribbit (D:8)
  4 slime creatures (Swamp:1)
  A wolf spider simulacrum (Lair:5)
  13 blink frogs
  6 bog bodies
  4 hippogriffs
  A shadow (Swamp:2)
  2 wyverns
  A wraith (D:11)
  A dire elephant simulacrum (Lair:5)
  21 yaks
  5 hogs (Swamp:1)
  3 basilisks
  10 vampire mosquitoes
  7 wargs
  6 nagas (Lair:3)
  3 insubstantial wisps (Swamp:1)
  10 water moccasins
  13 swamp worms
  An acid dragon (D:9)
  7 porcupines
  A swamp drake (Swamp:2)
  45 orc warriors
  3 ice beasts
  A hornet zombie (D:9)
  12 ogres
  6 phantoms
  2 sky beasts
  9 wolves
  10 centaurs
  11 crocodiles
  Blork the orc (Orc:2)
  4 big kobolds
  13 bullfrogs
  An elf zombie (Ossuary)
  A cane toad simulacrum (Lair:5)
  5 scorpions
  A wyvern skeleton (D:9)
  3 killer bees (D:10)
  4 wights (D:9)
  7 electric eels
  A howler monkey (D:6)
  A quasit (D:8)
  2 centaur zombies (Ossuary)
  8 hounds
  A bullfrog zombie (D:11)
  A gnoll shaman (D:6)
  2 human zombies (Ossuary)
  A centaur skeleton (D:4)
  15 orc priests
  3 bullfrog skeletons
  3 jellies
  16 orc wizards
  Terence (D:2)
  Jessica (D:3)
  Ijyb (D:3)
  3 iguanas
  A worker ant (D:5)
  A wolf simulacrum (Lair:5)
  3 hound skeletons
  2 mummies (Ossuary)
  A howler monkey zombie (D:5)
  8 gnolls
  2 howler monkey skeletons
  12 adders
  A crocodile simulacrum (Lair:5)
  A shadow imp (D:7)
  A white imp (D:8)
  An ooze (D:3)
  4 ufetubi
  An adder zombie (Ossuary)
  An adder skeleton (D:9)
  2 worms
  3 dart slugs
  10 leopard geckos
  79 orcs
  5 bats
  2 giant cockroaches
  9 goblins
  5 hobgoblins
  3 jackals (D:7)
  24 kobolds
  4 quokkas
  2 ball pythons
  A frilled lizard (D:2)
  2 goblin zombies (Ossuary)
  8 hobgoblin zombies (Ossuary)
  2 jackal zombies (Ossuary)
  6 kobold zombies (Ossuary)
  A leopard gecko skeleton (D:5)
  12 orc zombies (Ossuary)
  6 rats
  A rat zombie (Ossuary)
  20 briar patches (Swamp:1)
666 creatures vanquished.

Vanquished Creatures (collateral kills)
  2 hogs (Swamp:1)
  A swamp worm (Swamp:1)
  A swamp drake (Swamp:1)
  A briar patch (Swamp:1)
5 creatures vanquished.

Vanquished Creatures (others)
  A briar patch (Swamp:1)
  176 fulminant prisms
  52 fungi
  87 plants
316 creatures vanquished.

Grand Total: 987 creatures vanquished

Notes
Turn   | Place    | Note
-------+----------+-------------------------------------------
     0 | D:1      | lorenzova the Deep Elf Conjurer began the quest for the
                  | Orb.
     0 | D:1      | Reached XP level 1. HP: 10/10 MP: 6/6
   281 | D:1      | Reached XP level 2. HP: 15/15 MP: 3/8
   328 | D:1      | Learned a level 2 spell: Searing Ray
  1037 | D:2      | Found a stormy altar of Qazlal.
  1079 | D:2      | Reached skill level 4 in Spellcasting
  1079 | D:2      | Reached skill level 5 in Conjurations
  1079 | D:2      | Reached XP level 3. HP: 19/19 MP: 5/10
  1142 | D:2      | Noticed Terence
  1152 | D:2      | Killed Terence
  1246 | D:2      | Reached XP level 4. HP: 24/24 MP: 8/12
  1387 | D:2      | Found a glowing silver altar of Zin.
  1491 | D:2      | Found a broken altar of Ashenzari.
  1693 | D:2      | Found a blossoming altar of Fedhas.
  1782 | D:2      | Reached skill level 5 in Spellcasting
  1872 | D:2      | Found a hide-covered altar of Uskayaw.
  2110 | D:3      | Noticed a centaur
  2111 | D:3      | HP: 1/24 [orc wizard/puff of flame (12)]
  2483 | D:3      | Noticed Ijyb
  2489 | D:3      | Killed Ijyb
  2489 | D:3      | Reached XP level 5. HP: 28/28 MP: 9/15
  2605 | D:3      | Killed a centaur
  2605 | D:3      | Reached skill level 6 in Spellcasting
  2800 | D:3      | Reached XP level 6. HP: 28/32 MP: 6/17
  2954 | D:3      | Noticed Jessica
  2962 | D:3      | Killed Jessica
  3446 | D:4      | Reached skill level 7 in Spellcasting
  3821 | D:4      | Found a snail-covered altar of Cheibriados.
  4179 | D:5      | Entered Level 5 of the Dungeon
  4306 | D:5      | You fall into a shaft and drop 1 floor!
  4312 | D:6      | Reached XP level 7. HP: 36/36 MP: 17/20
  4366 | D:6      | Found a staircase to the Ecumenical Temple.
  4375 | Temple   | Entered the Ecumenical Temple
  4394 | Temple   | Became a worshipper of Vehumet
  4492 | D:6      | Found a sand-covered staircase.
  4498 | Ossuary  | Entered an ossuary
  4800 | Ossuary  | Learned a level 4 spell: Iskenderun's Mystic Blast
  4805 | Ossuary  | Learned a level 4 spell: Fulminant Prism
  4893 | Ossuary  | Reached * piety under Vehumet
  4893 | Ossuary  | Offered knowledge of Freeze by Vehumet.
  4912 | Ossuary  | Reached skill level 8 in Spellcasting
  5091 | Ossuary  | Reached skill level 1 in Hexes
  5224 | Ossuary  | Reached skill level 1 in Translocations
  5934 | D:5      | Reached XP level 8. HP: 41/41 MP: 19/22
  6015 | D:5      | Reached skill level 9 in Spellcasting
  7024 | D:6      | Found a shadowy altar of Dithmenos.
  7339 | D:6      | Reached ** piety under Vehumet
  7676 | D:7      | Reached skill level 10 in Spellcasting
  8068 | D:7      | Reached XP level 9. HP: 45/45 MP: 14/25
  8139 | D:7      | Offered knowledge of Sandblast by Vehumet.
  8462 | D:7      | Learned a level 3 spell: Conjure Flame
  8699 | D:8      | Reached skill level 5 in Hexes
  8707 | D:8      | Reached skill level 11 in Spellcasting
  8707 | D:8      | Reached skill level 10 in Conjurations
  8921 | D:8      | Found a staircase to the Lair.
  9030 | D:8      | Noticed a troll
  9040 | D:8      | Killed a troll
  9112 | D:8      | Offered knowledge of Static Discharge by Vehumet.
  9426 | D:8      | Found a basalt altar of Yredelemnul.
  9484 | D:8      | Reached skill level 5 in Translocations
  9603 | D:8      | Reached XP level 10. HP: 33/50 MP: 24/27
  9618 | D:8      | Noticed Pikel
  9625 | D:8      | Killed Pikel
  9625 | D:8      | Reached skill level 12 in Spellcasting
  9637 | D:8      | Reached *** piety under Vehumet
  9829 | D:8      | Found a white marble altar of Elyvilon.
  9992 | D:8      | Noticed Prince Ribbit
  9996 | D:8      | Killed Prince Ribbit
 10797 | D:9      | Offered knowledge of Frozen Ramparts by Vehumet.
 10878 | D:9      | Reached skill level 1 in Fire Magic
 12099 | D:9      | Found a sparkling altar of Nemelex Xobeh.
 12100 | D:9      | Found a bloodstained altar of Trog.
 12102 | D:9      | Found a glowing golden altar of the Shining One.
 12151 | D:10     | Entered Level 10 of the Dungeon
 12298 | D:10     | Reached **** piety under Vehumet
 12383 | D:9      | Found a hazy altar of Hepliaklqana.
 12383 | D:9      | Found a sacrificial altar of Ru.
 12828 | D:10     | Found a staircase to the Orcish Mines.
 13109 | D:11     | Offered knowledge of Inner Flame by Vehumet.
 13145 | D:11     | Reached skill level 13 in Spellcasting
 13287 | D:11     | Reached XP level 11. HP: 52/54 MP: 26/30
 13841 | D:11     | Noticed a two-headed ogre
 13848 | D:11     | Killed a two-headed ogre
 14482 | Lair:1   | Entered Level 1 of the Lair of Beasts
 14661 | Lair:1   | Reached skill level 14 in Spellcasting
 15223 | Lair:1   | Noticed Erica
 15230 | Lair:1   | Killed Erica
 15230 | Lair:1   | Reached skill level 5 in Fire Magic
 15661 | Lair:2   | Noticed a four-headed hydra
 15677 | Lair:1   | Killed a four-headed hydra
 15784 | Lair:2   | Reached ***** piety under Vehumet
 15845 | Lair:2   | Offered knowledge of Sticky Flame by Vehumet.
 15851 | Lair:2   | Learned a level 4 spell: Sticky Flame
 15865 | Lair:2   | Noticed a six-headed hydra
 15964 | Lair:2   | Reached XP level 12. HP: 59/59 MP: 27/32
 15987 | Lair:2   | Reached skill level 15 in Spellcasting
 16514 | Lair:2   | Killed a six-headed hydra
 17368 | Lair:3   | Noticed a six-headed hydra
 17397 | Lair:3   | Killed a six-headed hydra
 18144 | Lair:3   | Reached skill level 16 in Spellcasting
 18486 | Lair:3   | Found a staircase to the Snake Pit.
 18892 | Lair:4   | Found a staircase to the Swamp.
 19818 | Lair:5   | Found a transporter.
 19823 | Lair:5   | Noticed Rupert
 19828 | Lair:5   | Noticed Snorg
 20077 | Orc:1    | Entered Level 1 of the Orcish Mines
 20091 | Orc:1    | Noticed an orc warlord
 20132 | Orc:2    | Entered Level 2 of the Orcish Mines
 20180 | Orc:1    | Killed an orc warlord
 20512 | Orc:1    | Noticed an orc warlord
 20667 | Orc:1    | Noticed Gastronok
 20721 | Orc:1    | Found a flagged portal.
 20730 | Bailey   | Entered a bailey
 20928 | Bailey   | Offered knowledge of Irradiate by Vehumet.
 21303 | Bailey   | Identified a scroll of acquirement
 21310 | Bailey   | Acquired the Disquisition on Damaging Weightlessness
 21320 | Bailey   | Learned a level 5 spell: Iskenderun's Battlesphere
 21326 | Bailey   | Learned a level 5 spell: Bolt of Magma
 21333 | Bailey   | Learned a level 6 spell: Starburst
 21336 | Bailey   | Learned a level 2 spell: Blink
 21779 | Bailey   | Reached XP level 13. HP: 43/63 MP: 30/35
 22182 | Bailey   | Identified a +0 pair of boots of running (You found it in a
                  | bailey)
 22228 | Orc:1    | Killed Gastronok
 22415 | Orc:1    | Found a roughly hewn altar of Beogh.
 22532 | Orc:1    | Reached skill level 1 in Earth Magic
 22538 | Orc:1    | Killed an orc warlord
 22538 | Orc:1    | Reached skill level 17 in Spellcasting
 22538 | Orc:1    | Reached skill level 15 in Conjurations
 22973 | Orc:1    | Identified the ring of Freedom {+Fly rF++}
 22978 | Orc:1    | Noticed an orc warlord
 22996 | Orc:1    | Killed an orc warlord
 23180 | Orc:1    | Offered knowledge of Lightning Bolt by Vehumet.
 23187 | Orc:1    | Learned a level 5 spell: Lightning Bolt
 23604 | Orc:1    | Identified the Reference Book on the Entrancing Glacier
 24306 | Orc:2    | Noticed an orc warlord
 24472 | Orc:2    | Reached skill level 1 in Air Magic
 24472 | Orc:2    | Noticed Blork the orc
 24476 | Orc:2    | Killed Blork the orc
 24989 | Orc:2    | Killed an orc warlord
 25395 | Orc:2    | Found a staircase to the Elven Halls.
 25426 | Orc:2    | Found a roughly hewn altar of Beogh.
 25457 | Orc:2    | Found Nobamiabux's General Store.
 25464 | Orc:2    | Bought a scroll of teleportation for 45 gold pieces
 25473 | Orc:2    | Found Wapsino's Antique Weapon Shop.
 25488 | Orc:2    | Found Kafet's Jewellery Shop.
 25507 | Orc:2    | Found Cairim's Antique Armour Shop.
 25514 | Orc:2    | Bought a glowing scarf for 224 gold pieces
 26337 | Lair:5   | Killed Snorg
 26401 | Lair:5   | Paralysed by Rupert for 5 turns
 26969 | Lair:4   | Reached XP level 14. HP: 68/68 MP: 18/37
 27373 | Lair:4   | Killed Rupert
 27373 | Lair:4   | Reached skill level 18 in Spellcasting
 27373 | Lair:4   | Reached skill level 10 in Fire Magic
 27494 | Lair:5   | You fall into a shaft and drop 1 floor!
 27494 | Lair:6   | Entered Level 6 of the Lair of Beasts
 28215 | Lair:5   | Found a transporter.
 28300 | Lair:5   | Found a runed translucent door.
 28303 | Lair:5   | Noticed Bodu's ghost (journeyman NaFi)
 28310 | Lair:5   | Identified the +6 trident "Cysale" {vorpal, rN+}
 28439 | Lair:5   | Offered knowledge of Spellforged Servitor by Vehumet.
 28525 | Lair:5   | Got a tiger eye-encrusted leather armour
 28683 | Lair:5   | Identified the +1 leather armour of Rauseoq {Harm rElec MR-
                  | Regen+ Dex+3} (You found it on level 5 of the Lair of
                  | Beasts)
 28710 | Lair:5   | Learned a level 7 spell: Spellforged Servitor
 28710 | Lair:5   | Reached XP level 15. HP: 72/72 MP: 39/39
 29184 | Lair:6   | Found a viscous altar of Jiyva.
 29188 | Lair:6   | Found a staircase to the Slime Pits.
 29460 | Lair:6   | Reached skill level 5 in Earth Magic
 30647 | Orc:2    | Bought the ring "Temme" {rPois rF+ Int-2 Stlth-} for 301
                  | gold pieces
 30875 | Swamp:1  | Entered Level 1 of the Swamp
 31031 | Swamp:1  | Found a transporter.
 31331 | Swamp:1  | Noticed a thorn hunter
 31347 | Swamp:1  | Killed a thorn hunter
 31520 | Swamp:1  | Found a transporter.
 31779 | Swamp:1  | Noticed Kirke
 31788 | Swamp:1  | Noticed Donald
 31917 | Swamp:2  | Reached skill level 19 in Spellcasting
 32273 | Swamp:2  | Offered knowledge of Orb of Destruction by Vehumet.
 32325 | Swamp:2  | Learned a level 7 spell: Orb of Destruction
 33076 | Swamp:1  | Killed Donald
 33076 | Swamp:1  | Reached XP level 16. HP: 76/76 MP: 30/41
 33461 | Swamp:1  | Killed Kirke
 33717 | Swamp:1  | Noticed a Brimstone Fiend
 33726 | Swamp:1  | Killed from afar by a Brimstone Fiend

Illustrated notes

Levels and vault maps discovered:
D:1:      psy_arrival_statuary, layout_basic, feat_on_display
D:2:      layout_loops_ring, zin_statuary, lemuel_doored_altar,
          evilmike_ruin_ashenzari, grunt_qazlal_sundering,
          fedhas_altar_fruit_tree, nrook_campfire, uniq_terence
D:3:      layout_basic, minmay_misc_feat_doors, uniq_ijyb, uniq_jessica
D:4:      layout_loops_ring, kennysheep_slug_shrine
D:5:      layout_basic, eino_small_chamber_without_monster
D:6:      layout_loops_ring, lemuel_round_altar, minmay_temple_entry_nine_rooms,
          nicolae_ossuary_entry_plus, grunt_potential
D:7:      layout_basic
D:8:      layout_basic, kennysheep_ying_yang, erik_lair_island, abandoned_shop,
          uniq_pikel, uniq_prince_ribbit1
D:9:      layout_loops_cross, nicolae_overflow_hidden_temple
D:10:     layout_roguey, orc_0_dummy
D:11:     layout_irregular_city
Temple:   jpeg_temple_island
Lair:1:   layout_layer_cave, grunt_megastairs_4, serial_bayou_shore_a,
          uniq_erica
Lair:2:   layout_loops_ring, chequers_serial_rivers_large_a,
          chequers_serial_rivers_micro_a, beast_lair_carwin_4
Lair:3:   layout_cave_pods, minmay_snake_entry_guardpost_medium,
          lemuel_fruit_tree
Lair:4:   cheibrodos_lair_river_kwai, layout_loops_ring,
          skrybe_swamp_entry_bodies
Lair:5:   gammafunk_cloud_chamber, layout_hall_layers,
          ebering_ghost_funeral_grove, cheibrodos_lair_reptile_den, uniq_rupert,
          uniq_snorg
Lair:6:   evilmike_catoblepas_cave, layout_regular_city, slime_altar_1
Swamp:1:  gammafunk_worm_tunnel, layout_basic_swamp, nicolae_swamp_fairy_circle,
          uniq_donald, uniq_kirke
Swamp:2:  layout_falls_marsh, evilmike_swamp_ruin_house_1
Orc:1:    layout_caves, basic_altar, enter_bailey_2, minmay_orc_treasury,
          uniq_gastronok
Orc:2:    grunt_orc_cross, layout_caves

Skill      XL: |  1  2  3  4  5  6  7  8  9 10 11 12 13 14 15 |
---------------+----------------------------------------------+-----
Spellcasting   | 4 5 6 7 8 10 11 13 14 16 17 18 19 | 19.1
Conjurations   | 5 6 7 8 9 10 11 13 14 15 16 | 16.9
Hexes          | 2 4 6 7 9 |  9.0
Translocations | 1 3 5 6 |  6.0
Fire Magic     | 3 5 7 9 10 11 | 11.8
Earth Magic    | 4 6 |  6.0
Air Magic      | 2 4 |  4.9
Summonings     | 6 7 |  7.3
Dodging        | |  2.4
Stealth        | |  2.4

Action                   |  1- 3 |  4- 6 |  7- 9 | 10-12 | 13-15 | 16-18 || total
-------------------------+-------+-------+-------+-------+-------+-------++-------
Melee: Dagger            |       |       |     7 |    14 |       |       ||    21
       Staff             |       |       |       |       |     1 |       ||     1
 Cast: Magic Dart        |    47 |    86 |   172 |   148 |   278 |     2 ||   733
       Searing Ray       |     1 |    14 |    49 |    66 |       |       ||   130
       Fulminant Prism   |       |       |    11 |   133 |    28 |     5 ||   177
       Iskenderun's Myst |       |       |       |    50 |    44 |       ||    94
       Conjure Flame     |       |       |       |    13 |     2 |       ||    15
       Sticky Flame      |       |       |       |     9 |    11 |       ||    20
       Iskenderun's Batt |       |       |       |     7 |    79 |       ||    86
       Bolt of Magma     |       |       |       |       |    95 |     5 ||   100
       Blink             |       |       |       |       |     2 |       ||     2
       Orb of Destructio |       |       |       |       |     6 |     1 ||     7
       Starburst         |       |       |       |       |     2 |       ||     2
       Spellforged Servi |       |       |       |       |       |     5 ||     5
       Lightning Bolt    |       |       |       |       |       |     3 ||     3
 Abil: Evoke Invisibilit |       |       |       |     1 |       |       ||     1
       Evoke Flight      |       |       |       |       |       |     1 ||     1
Evoke: Wand              |       |       |       |     7 |     3 |     1 ||    11
  Use: Scroll            |       |     6 |     1 |    23 |     8 |     1 ||    39
       Potion            |       |       |       |     3 |     1 |       ||     4
Armor: Robe              |     2 |     3 |     7 |       |       |       ||    12
       Ring mail         |       |       |     3 |    17 |       |       ||    20
       Acid dragon scale |       |       |       |    16 |     3 |       ||    19
       Leather armour    |       |       |       |       |     5 |       ||     5
Dodge: Dodged            |     2 |     7 |    33 |    66 |    20 |     2 ||   130

Table legend: (Time is in decaauts)
 A = Elapsed time spent in this place.
 B = Non-inter-level travel time spent in this place.
 C = Inter-level travel time spent in this place.
 D = Time resting spent in this place.
 E = Time spent auto-exploring this place.
 F = Levels seen in this place.
 G = Mean time per level.
                   A        B        C        D        E       F      G
               +--------+--------+--------+--------+--------+-----+--------+
         Total |  33297 |  31096 |   2201 |  13469 |  12411 |  24 | 1387.4 |
       Dungeon |  14145 |  13422 |    723 |   5463 |   6356 |  11 | 1285.9 |
        Temple |     37 |     37 |      0 |      0 |      0 |   1 |   37.0 |
          Lair |   9774 |   8628 |   1146 |   3497 |   3798 |   6 | 1629.0 |
         Swamp |   2816 |   2735 |     81 |   1293 |    880 |   2 | 1408.0 |
  Orcish Mines |   4249 |   3999 |    250 |   1720 |   1305 |   2 | 2124.5 |
       Ossuary |    813 |    813 |      0 |    477 |     70 |   1 |  813.0 |
        Bailey |   1460 |   1460 |      0 |   1019 |      0 |   1 | 1460.0 |
               +--------+--------+--------+--------+--------+-----+--------+

Top non-repeatable levels by time:
   Orc:1: 2644 daAuts
     D:8: 2205 daAuts
  Lair:3: 1960 daAuts
  Lair:6: 1757 daAuts
  Lair:4: 1691 daAuts
     D:9: 1642 daAuts
  Lair:1: 1606 daAuts
   Orc:2: 1604 daAuts
 Swamp:1: 1561 daAuts
  Bailey: 1460 daAuts
  Lair:5: 1435 daAuts
     D:6: 1401 daAuts
     D:2: 1358 daAuts
    D:11: 1328 daAuts
  Lair:2: 1323 daAuts
